AoeStats
← Spensounet

Hideout

509137630Analyzed
1v1 RM · 6d ago on Sep 25, 2026· 21m 27s· 2 players
Game mode
Random Map
Map size
Tiny (2 player)
Population
200
Speed
Normal
Resources
Standard
Victory
Conquest
Starting age
Dark Age
Ending age
Imperial Age
RankedLock teamsTeams togetherTeam positionsShared explorationLock speedFull tech treeHidden civsTurbo modeCheats
Victory
Defeat
🇫🇷 Byzantines · France
1378
+13
🇨🇦 Spanish · Canada
1318
-13
oli_ch
11:27 Feudal Age
11:10 Loom
11:17 Loom
14:58 Castle Age
14:33 Double-Bit Axe
14:29 Horse Collar
15:43 Wheelbarrow
15:04 Town Watch
16:07 Bow Saw
15:50 Town Watch
Spensounet
8:00 Loom
10:07 Feudal Age
14:27 Castle Age
12:46 Double-Bit Axe
13:23 Horse Collar
20:58 Wheelbarrow
Connection lost

Rejoining the realm…

Still unreachable

The connection could not be restored.

Session expired

The server has moved on; the page needs a fresh start.